 Dungeon Crawl Stone Soup version 0.29-a0-113-g078de9bc30 (webtiles) character file.

Game seed: 4320101015952434560

154 kae the Insei (level 5, -2/41 HPs)
             Began as a Draconian Transmuter on Feb 18, 2022.
             Slain by an ufetubus (3 damage)
             ... on level 3 of the Dungeon.
             The game lasted 00:02:07 (3312 turns).

kae the Insei (Draconian Transmuter)                Turns: 3312, Time: 00:02:08

Health: -2/41      AC:  5    Str: 12    XL:     5   Next: 13%
Magic:  8/8        EV: 12    Int: 15    God:
Gold:   128        SH:  5    Dex: 12    Spells: 5/9 levels left

rFire   . . .      SeeInvis .     - Unarmed
rCold   . . .      Faith    .   (no shield)
rNeg    . . .      Spirit   .   (armour unavailable)
rPois   .          Reflect  +   (helmet currently unavailable)
rElec   .          Harm     .   (no cloak)
rCorr   .          Rampage  .   (no gloves)
Will    .....                   (boots currently unavailable)
Stlth   +.........              i - amulet of reflection
HPRegen 0.13/turn               (no ring)
MPRegen 0.11/turn               (no ring)

@: about to teleport, appendages (expiring)
A: horns 2, talons 2, AC +5, unfitting armour, cold-blooded
a: End Transformation


You were on level 3 of the Dungeon.
You had temporarily grown beastly horns and talons.
You visited 1 branch of the dungeon, and saw 4 of its levels.

You collected 128 gold pieces.

Inventory:

Jewellery
 a - an amulet of magic regeneration
 c - an amulet of guardian spirit
 i - an amulet of reflection (around neck)
 j - a ring of wizardry
Scrolls
 d - a scroll of enchant weapon
 f - 2 scrolls of teleportation
Potions
 b - a potion of berserk rage
 e - 2 potions of heal wounds
 g - 2 potions of invisibility {unknown}
 h - a potion of lignification {unknown}
 l - 2 potions of curing {unknown}


   Skills:
 + Level 2.0 Fighting
 + Level 2.4 Dodging
 * Level 3.9 Unarmed Combat
 + Level 2.5 Spellcasting
 * Level 3.1 Transmutations
 * Level 1.4 Poison Magic


You had 5 spell levels left.
You knew the following spells:

 Your Spells              Type           Power      Damage    Failure   Level
a - Beastly Appendage     Tmut           22%        N/A       6%          1
b - Spider Form           Tmut/Pois      8%         N/A       26%         3

Your spell library contained the following spells:

 Spells                   Type           Power      Damage    Failure   Level
 Wereblood                Tmut           11%        N/A       9%          2
 Magic Dart               Conj           4%         1d3       22%         1
 Call Imp                 Summ           1%         N/A       32%         2
 Mephitic Cloud           Conj/Pois/Air  3%         N/A       45%         3
 Ice Form                 Ice/Tmut       6%         N/A       73%         4


Dungeon Overview and Level Annotations

Branches:
Dungeon (4/15)
 Temple: D:4-7

Altars:
Dithmenos
Qazlal

Shops:
D:1 (


Innate Abilities, Weirdness & Mutations

You have temporarily grown beastly horns and talons.
Your plain brown scales are hard. (AC +5)
You cannot fit into any form of body armour.
You are cold-blooded and may be slowed by cold attacks.


Message History

The hound bites you. The ufetubus closely misses you. x2
You barely miss the hound.
You headbutt the hound, but do no damage.
The hound is moderately wounded.
The hound bites you. The ufetubus misses you.
The ufetubus hits you but does no damage.
The hound closely misses you.
You closely miss the hound. You claw the hound, but do no damage.
The hound is moderately wounded.
The ufetubus misses you. The ufetubus hits you.
The hound bites you but does no damage.
The ufetubus hits you but does no damage.
The ufetubus closely misses you.
A hobgoblin comes into view.
You barely miss the hound. Your kick misses the hound. You tail-slap the hound.
The hound is moderately wounded.
Your transformation is almost over.
The hound bites you. The ufetubus hits you. You block the ufetubus's attack.
The hound bites you. The ufetubus barely misses you. The ufetubus hits you.
* * * LOW HITPOINT WARNING * * *
You block the hound's attack.
There is a stone staircase leading up here.
The ufetubus hits you.
* * * LOW HITPOINT WARNING * * *
The ufetubus hits you.
* * * LOW HITPOINT WARNING * * *
The hound barely misses you. The ufetubus barely misses you.
The ufetubus misses you.
You climb upwards.
There is a stone staircase leading down here.
As you read the scroll of teleportation, it crumbles to dust.
You feel strangely unstable. The hound bites you.
* * * LOW HITPOINT WARNING * * *
The ufetubus closely misses you. The ufetubus hits you.
* * * LOW HITPOINT WARNING * * *
You block the hound's attack. You block the hound's attack.
The ufetubus barely misses you. The ufetubus hits you.
You die...

###......#).###
##.....##
#####..##...#
##.#####.#
##.........##
##.#.[...#.
####..#######..###
##..≈.....≈# #....##
#<...## ##.#≈.≈...≈≈.
#.####
#..#..###.#..≈.≈≈≈.≈.
..#
##.##..##.#...≈.≈≈≈≈≈
.##
#..##....#....≈._≈..
.#
##h@###..#...≈.≈≈≈≈≈
.#
##5####.#..≈.≈≈≈.≈.
.# #.#.....#≈.≈...≈≈.
.#
##...###...≈.....≈#
## ##..###
#...#.....#. #
########...#
#....#####.#
##.....[..#.#
#####.....##
#..########.# #######
## #.## ##.######


You could see a hound and an ufetubus.

Vanquished Creatures
  A bullfrog skeleton (D:4)
  3 gnolls (D:4)
  3 adders
  A shadow imp (D:3)
  A worm (D:3)
  2 orcs
  5 endoplasms
  3 giant cockroaches
  7 hobgoblins
  4 kobolds
  2 quokkas (D:1)
  7 ball pythons
  4 bats
  2 frilled lizards
  6 goblins
  4 rats
55 creatures vanquished.

Notes
Turn   | Place    | Note
-------+----------+-------------------------------------------
     0 | D:1      | kae the Draconian Transmuter began the quest for the Orb.
     0 | D:1      | Reached XP level 1. HP: 16/16 MP: 3/3
   204 | D:1      | Found Jynyin's Antique Weapon Boutique.
   382 | D:1      | Reached XP level 2. HP: 23/23 MP: 5/5
  1428 | D:2      | Reached XP level 3. HP: 28/28 MP: 4/6
  1432 | D:2      | Learned a level 3 spell: Spider Form
  1719 | D:3      | Found a faded altar of an unknown god.
  2579 | D:3      | Reached XP level 4. HP: 36/36 MP: 5/7
  2685 | D:3      | Found a shadowy altar of Dithmenos.
  2701 | D:3      | Found a stormy altar of Qazlal.
  2897 | D:4      | Reached skill level 1 in Poison Magic
  3228 | D:4      | Reached XP level 5. HP: 33/41 MP: 2/8
  3311 | D:3      | HP: 2/41 [hound (2)]
  3312 | D:3      | Slain by an ufetubus

Illustrated notes

Levels and vault maps discovered:
D:1:      lemuel_arrival_broad_hall, layout_loops_cross, serial_shops, shop,
          minmay_tromino_v4_b
D:2:      layout_basic
D:3:      layout_rooms, mainiacjoe_overflow_swirl,
          shapermc_ecumenical_altar_starsandcircs, minmay_misc_feat_columns,
          palyth_stone_intersect
D:4:      layout_cave_pools

Skill      XL: |  1  2  3  4 |
---------------+-------------+-----
Dodging        | 2 |  2.4
Poison Magic   | 1 |  1.4
Transmutations | 3 |  3.1
Fighting       | 2 |  2.0
Unarmed Combat | |  3.9
Spellcasting   | |  2.5

Action                   |  1- 3 |  4- 6 || total
-------------------------+-------+-------++-------
Melee: Unarmed           |   131 |    39 ||   170
       Kick              |    11 |     9 ||    20
       Tailslap          |    12 |     5 ||    17
       Headbutt          |     6 |     3 ||     9
       Punch             |     2 |       ||     2
 Cast: Beastly Appendage |    26 |     6 ||    32
       Spider Form       |     2 |     2 ||     4
  Use: Scroll            |     4 |     4 ||     8
 Stab: Sleeping          |     1 |       ||     1
Armor: Skin              |    40 |    14 ||    54
Dodge: Dodged            |    96 |    45 ||   141
Block: Other             |    17 |    13 ||    30
       Reflection        |     1 |     1 ||     2

Table legend: (Time is in decaauts)
 A = Elapsed time spent in this place.
 B = Non-inter-level travel time spent in this place.
 C = Inter-level travel time spent in this place.
 D = Time resting spent in this place.
 E = Time spent auto-exploring this place.
 F = Levels seen in this place.
 G = Mean time per level.
                   A        B        C        D        E       F      G
               +--------+--------+--------+--------+--------+-----+--------+
         Total |   3302 |   3266 |     36 |    559 |   2212 |   4 |  825.5 |
       Dungeon |   3302 |   3266 |     36 |    559 |   2212 |   4 |  825.5 |
               +--------+--------+--------+--------+--------+-----+--------+

Top non-repeatable levels by time:
     D:3: 1437 daAuts
     D:1: 857 daAuts
     D:2: 768 daAuts
     D:4: 239 daAuts
